 Dungeon Crawl Stone Soup version 0.20.1-1-g8b1a95d (webtiles) character file.

275 equalderp2856 the Skirmisher (level 6, -5/48 HPs)
             Began as a Mummy Fighter on Oct 23, 2017.
             Slain by a wyvern zombie (7 damage)
             ... on level 4 of the Dungeon.
             The game lasted 00:04:22 (3220 turns).

equalderp2856 the Skirmisher (Mummy Fighter)        Turns: 3220, Time: 00:04:22

Health: -5/48      AC: 11    Str: 19    XL:     6   Next: 3%
Magic:  6/6        EV:  3    Int: 10    God:
Gold:   209        SH: 12    Dex: 11    Spells: 5/5 levels left

rFire    x . .     SeeInvis .   a - +0 war axe
rCold    + . .     Gourm    .   c - +0 shield
rNeg     + + +     Faith    .   k - +0 plate armour
rPois    ∞         Spirit   .   (no helmet)
rElec    .         Reflect  +   (no cloak)
rCorr    .         Harm     .   (no gloves)
MR       .....                  (no boots)
Stlth    ..........             l - +3 amulet of reflection
Regen    0.2/turn               (no ring)
MPRegen  0.1/turn               (no ring)

@: about to teleport
A: no food or potions, fire vulnerability, cold resistance 1, negative energy
resistance 3, torment resistance, unbreathing
a: no special abilities


You were on level 4 of the Dungeon.
You were not hungry.

You visited 1 branch of the dungeon, and saw 4 of its levels.

You collected 209 gold pieces.

Inventory:

Hand Weapons
 a - a +0 war axe (weapon)
Armour
 b - a +0 scale mail
 c - a +0 shield (worn)
 k - a +0 plate armour (worn)
Jewellery
 l - a +3 amulet of reflection (around neck)
Scrolls
 d - a scroll of identify
 e - a scroll of remove curse
 f - 3 scrolls of noise
 g - a scroll of immolation
 h - a scroll of fog
 i - a scroll of teleportation
 j - a scroll of amnesia {unknown}


   Skills:
 + Level 3.7 Fighting
 + Level 3.2 Axes
 + Level 3.4 Armour
 + Level 1.1 Dodging
 + Level 0.1 Stealth
 + Level 3.2 Shields


You had 5 spell levels left.
You didn't know any spells.

Dungeon Overview and Level Annotations

Branches:
Dungeon (4/15)
 Temple: D:4-7

Altars:
Ashenzari
Makhleb
Okawaru

Shops:
D:4 *

Annotations:
D:3 pichaelthompson's ghost, amateur DsBe


Innate Abilities, Weirdness & Mutations

You do not eat or drink.
Your flesh is vulnerable to fire.
You are immune to poison.
Your flesh is cold resistant. (rC+)
You are immune to negative energy. (rN+++)
You are immune to unholy pain and torment.
You can survive without breathing.


Message History

It is a scroll of identify.
i - 2 scrolls of teleportation The wyvern zombie bites you.
* * * LOW HITPOINT WARNING * * *
You block the wyvern zombie's attack.
As you read the scroll of teleportation, it crumbles to dust.
You feel strangely unstable. The wyvern zombie bites you.
* * * LOW HITPOINT WARNING * * *
Unknown command.
Unknown command.
The orc wizard gestures wildly while chanting.
The orc wizard blinks!
You block the wyvern zombie's attack. The orc hits you but does no damage.
The orc wizard hits you but does no damage.
You block the wyvern zombie's attack. The orc hits you but does no damage.
The wyvern zombie bites you but does no damage.
You block the orc wizard's attack.
The orc wizard gestures wildly while chanting.
The orc wizard blinks!
The wyvern zombie bites you!
You die...

#...........).........
#.o.........).........
#........Z............
#.....###'##########'#
#.....#......#........
#..§§.#......#........
#.§§§o§......#........
#.§§Zo#......#........
#.§oo@################
#######


You could see an orc wizard (inner flame), 3 orcs and a wyvern zombie (inner
flame).

Vanquished Creatures
  A bullfrog zombie (D:4)
  An orc wizard (D:4)
  A centaur skeleton (D:4)
  Terence (D:2)
  A worker ant (D:4)
  3 adders (D:2)
  4 gnolls
  3 worms
  A dart slug (D:1)
  A leopard gecko (D:1)
  3 orcs (D:4)
  3 ball pythons
  6 giant cockroaches
  4 hobgoblins
  2 quokkas (D:2)
  5 bats (D:1)
  4 frilled lizards
  7 goblins
  7 kobolds
  A quokka skeleton (D:4)
  8 rats
67 creatures vanquished.

Notes
Turn   | Place    | Note
-------+----------+-------------------------------------------
     0 | D:1      | equalderp2856 the Mummy Fighter began the quest for the Orb.
     0 | D:1      | Reached XP level 1. HP: 18/18 MP: 1/1
    89 | D:1      | Found a shattered altar of Ashenzari.
   209 | D:1      | Reached XP level 2. HP: 21/24 MP: 2/2
   734 | D:2      | Reached XP level 3. HP: 15/29 MP: 3/3
   805 | D:2      | Noticed Terence
   829 | D:2      | Killed Terence
   829 | D:2      | Reached XP level 4. HP: 20/35 MP: 4/4
  1058 | D:2      | Reached skill level 1 in Dodging
  1628 | D:2      | Found a burning altar of Makhleb.
  1629 | D:2      | Found an iron altar of Okawaru.
  2151 | D:2      | Reached XP level 5. HP: 9/41 MP: 5/5
  2681 | D:3      | Noticed pichaelthompson's ghost (amateur DsBe)
  3180 | D:4      | Found Qestomoduola's General Store.
  3190 | D:4      | Reached XP level 6. HP: 29/48 MP: 6/6
  3217 | D:4      | HP: 2/48 [wyvern zombie (2)]
  3220 | D:4      | Slain by a wyvern zombie

Skill      XL: |  1  2  3  4  5 |
---------------+----------------+-----
Axes           | 2 3 |  3.2
Dodging        | 1 |  1.1
Shields        | 3 |  3.2
Armour         | 3 |  3.4
Fighting       | |  3.7
Stealth        | |  0.1

Action                   |  1- 3 |  4- 6 || total
-------------------------+-------+-------++-------
Melee: War axe           |   140 |   142 ||   282
  Use: Scroll            |       |     6 ||     6
Armor: Scale mail        |    76 |    22 ||    98
       Plate armour      |       |    58 ||    58
Dodge: Dodged            |    49 |    38 ||    87
Block: Shield            |    76 |    84 ||   160
